Description

Zealot Archon Example: https://lotv.spawningtool.com/33013/

Replay - 2017-12-23_Classic_vs_Zest_(Ro4_Zest_vs_Classic_G1)

Build Order

Get SALT Encoding   

  12  0:00  Probe  
  13  0:12  Probe  
  14  0:17  Pylon  
  14  0:24  Probe (Chrono Boost)  
  15  0:37  Probe (Chrono Boost), Gateway  
  16  0:45  Probe (Chrono Boost)  
  16  0:46  Assimilator  
  17  0:51  Probe (Chrono Boost)  
  17  0:54  Assimilator  
  18  1:03  Probe (Chrono Boost)  
  20  1:12  Probe (Chrono Boost)  
  20  1:14  Gateway  
  20  1:17  Probe  
  20  1:24  Cybernetics Core  
  21  1:29  Probe  
  22  1:41  Pylon  
  23  2:01  Sentry, Stalker  
  26  2:02  Warp Gate  
  28  2:14  Pylon  
  28  2:30  Nexus  
  28  2:37  Stalker  
  30  2:45  Stalker  
  33  3:01  Shield Battery  
  34  3:07  Stalker  
  36  3:14  Stalker  
  38  3:26  Pylon  
  39  3:35  Robotics Facility  
  39  3:48  Shield Battery x2  
  41  4:04  Stalker x2  
  44  4:31  Twilight Council  
  42  4:34  Stalker  
  44  4:42  Stalker  
  50  5:00  Pylon  
  50  5:22  Dark Shrine  
  51  5:33  Immortal (Chrono Boost)  
  58  5:51  Sentry, Stalker  
  58  5:55  Forge  
  62  6:02  Assimilator x2  
  60  6:05  Observer  
  60  6:09  Shield Battery  
  61  6:15  Adept  
  61  6:28  Protoss Ground Weapons Level 1 (Chrono Boost)  
  63  6:35  Dark Templar x2  
  69  6:46  Gateway x2  
  71  7:01  Immortal (Chrono Boost)  
  75  7:26  Dark Templar  
  75  7:28  Zealot  
  77  7:32  Charge  
  77  7:35  Archon  
  77  7:36  Immortal  
  83  7:47  Nexus  
  83  8:04  Gateway x2  
  83  8:06  Protoss Ground Weapons Level 2 (Chrono Boost)  
  83  8:07  Templar Archives  
  83  8:15  Observer  
  83  8:18  Gateway  
  81  8:30  Gateway  
  83  8:45  High Templar x2  
  89  8:58  High Templar  
  92  9:18  High Templar  
  92  9:21  Warp Prism  
  99  9:28  High Templar x2  
  104  9:33  Archon  
  104  9:36  Zealot x4  
  112  9:43  Photon Cannon, High Templar  
  114  9:46  Archon  
  114  9:55  Photon Cannon  
  114  9:56  Archon  
  114  9:57  High Templar  
Spawning Tool Build Advisor. Get it on Overwolf

Go to:

Details

  • Created by: maestros
  • Published on: Dec 25, 2017
  • Modified on: Dec 25, 2017
  • Patch: 4.0.0
Show
View Real Time Build Order
Export as new Build Order

Comments (0)

There are no comments. Be the first!

Create an account to comment!